 Dungeon Crawl Stone Soup version 0.22-a0-567-gff9aefc (webtiles) character file.

393 inc the Sneak (level 6, -1/37 HPs)
             Began as an Octopode Fire Elementalist on June 29, 2018.
             Killed from afar by Natasha (9 damage)
             ... with a magic dart
             ... on level 4 of the Dungeon.
             The game lasted 00:05:35 (3176 turns).

inc the Sneak (Octopode Fire Elementalist)          Turns: 3176, Time: 00:05:36

Health: -1/37      AC:  1    Str: 12    XL:     6   Next: 81%
Magic:  9/9        EV: 13    Int: 20    God:
Gold:   159        SH:  0    Dex: 12    Spells: 8/9 levels left

rFire    + . .     SeeInvis .   d - +2 dagger (drain)
rCold    + . .     Gourm    .   (no shield)
rNeg     . . .     Faith    .   (helmet restricted)
rPois    +         Spirit   .   (no amulet)
rElec    +         Reflect  .   (no ring)
rCorr    +         Harm     .   (no ring)
MR       .....                  (no ring)
Stlth    ++++......             (no ring)
HPRegen  0.12/turn              (no ring)
MPRegen  0.11/turn              (no ring)
                                (no ring)
                                (no ring)

@: mighty, resistant, very slightly contaminated
A: almost no armour, stealthy swim, amphibious, 8 rings, constrict 8, camouflage
1, gelatinous body 1
a: no special abilities


You were on level 4 of the Dungeon.
You were hungry.

You visited 1 branch of the dungeon, and saw 4 of its levels.

You collected 159 gold pieces.

Inventory:

Hand Weapons
 a - a +0 hand axe
 d - a +2 dagger of draining (weapon)
Jewellery
 o - an uncursed amulet of guardian spirit {unknown}
Wands
 p - a wand of acid (5)
Scrolls
 c - 2 scrolls of enchant weapon {unknown}
 f - 2 scrolls of noise {unknown}
 g - 4 scrolls of identify {unknown}
 j - a scroll of remove curse {unknown}
 k - 2 scrolls of immolation {unknown}
 l - 3 scrolls of teleportation {unknown}
 n - a scroll of blinking {unknown}
 q - a scroll of amnesia {unknown}
 s - a scroll of magic mapping {unknown}
Potions
 e - a potion of curing
 h - a potion of flight {unknown}
 i - 2 potions of might
 m - a potion of resistance
 r - a potion of brilliance {unknown}
 t - a potion of magic {unknown}
 v - a potion of heal wounds {unknown}
Comestibles
 b - 5 rations


   Skills:
 - Level 0.6 Fighting
 - Level 2.0 Short Blades
 - Level 1.0 Axes
 - Level 2.5 Dodging
 - Level 4.5 Stealth
 - Level 2.3 Spellcasting
 + Level 4.5 Conjurations
 - Level 3.6 Fire Magic


You had 8 spell levels left.
You knew the following spells:

 Your Spells              Type           Power        Failure   Level  Hunger
a - Flame Tongue          Conj/Fire      ###..        3%          1    #......

Your spell library contained the following spells:

 Spells                   Type           Power        Failure   Level  Hunger
 Fireball                 Conj/Fire      ###.......   63%         5    ######.
 Conjure Flame            Conj/Fire      ###.....     9%          3    ###....
 Throw Flame              Conj/Fire      ###...       4%          2    ##.....
 Sticky Flame             Conj/Fire      ###.....     28%         4    #####..
 Inner Flame              Hex/Fire       #.......     22%         3    ###....


Dungeon Overview and Level Annotations

Branches:
Dungeon (4/15)
 Temple: D:4-7

Altars:
Wu Jian

Annotations:
D:4 Natasha


Innate Abilities, Weirdness & Mutations

You cannot wear most types of armour.
You are very stealthy in the water. (Stealth+)
You are amphibious.
You can wear up to eight rings at the same time.
You can use your tentacles to constrict eight enemies at once.
Your skin changes colour to match your surroundings (Stealth+).
Your rubbery body absorbs attacks. (AC +1, EV +1)


Message History

The ogre barely misses you.
Natasha hisses angrily.
You puncture the ogre!
The ogre is moderately wounded.
You puncture the ogre!
You kill the ogre!
Your Conjurations skill increases to level 4!
Natasha casts a spell at you. The magic dart hits you!
* * * LOW HITPOINT WARNING * * *
Unknown command.
It was a potion of resistance.
You feel protected. The hound bites you.
* * * LOW HITPOINT WARNING * * *
The hound barely misses you.
You feel better. The hound closely misses you.
Natasha stares at you and mumbles some strange words.
The magic dart hits you!
You die...

############# #...........#
#...........# #.#########.# ###.#
#.# ....#########.#
################
..............####...............
..............Zh@...h............
....#########.####..#####.#.#.###
....#.#.#.#.#.#.#.#.#.###.#.#.# #
...#.#.#?#.#h#.#.#.#.#.##.#.#.# #
....#.#.#.#.#.#.#.#.#.###.#.#<# #
...#.#.#h#.#.#.#.#.#.#.##.#.#####
....#.#.#.#.#.#.#.#.#.#.[........
.#.#.#Z#.#.#.#.#.#.#.#.#..#.#####
#.#.#.#.#.#.#.#.#.#.#.##..#.(....


You could see a hound, Natasha and a howler monkey skeleton.

Vanquished Creatures
  2 ogres
  An orc priest (D:4)
  2 orc wizards (D:4)
  Natasha (D:4)
  A worker ant (D:4)
  4 adders
  2 worms (D:2)
  A dart slug (D:1)
  A leopard gecko (D:1)
  5 orcs (D:4)
  4 bats
  5 giant cockroaches
  6 goblins
  2 hobgoblins
  A quokka (D:3)
  3 ball pythons
  4 frilled lizards
  5 kobolds
  6 rats
56 creatures vanquished.

Notes
Turn   | Place    | Note
-------+----------+-------------------------------------------
     0 | D:1      | inc the Octopode Fire Elementalist began the quest for the Orb.
     0 | D:1      | Reached XP level 1. HP: 11/11 MP: 3/3
   114 | D:1      | Reached XP level 2. HP: 17/17 MP: 5/5
   721 | D:2      | Reached XP level 3. HP: 19/21 MP: 0/6
   987 | D:2      | Found an ornate altar of the Wu Jian Council.
  1131 | D:2      | Reached skill level 1 in Short Blades
  1131 | D:2      | Reached skill level 1 in Axes
  1131 | D:2      | Reached XP level 4. HP: 17/27 MP: 3/7
  2077 | D:3      | Noticed an ogre
  2091 | D:3      | Killed an ogre
  2091 | D:3      | Reached XP level 5. HP: 5/32 MP: 5/8
  2652 | D:4      | Reached XP level 6. HP: 37/37 MP: 6/9
  3116 | D:4      | Noticed Natasha
  3120 | D:4      | Killed Natasha
  3172 | D:4      | Noticed Natasha
  3175 | D:4      | HP: 1/37 [hound (1)]
  3176 | D:4      | Killed from afar by Natasha

Vault maps used:
D:1:      dpeg_arrival_orchard
D:2:      old_standard_altar
D:3:      minmay_misc_feat_hallway, kennysheep_generic_room_7
D:4:      serial_shops, shop, first_ration, kennysheep_boxes, uniq_natasha

Skill      XL: |  1  2  3  4  5  6 |
---------------+-------------------+-----
Stealth        | 3 4 |  4.5
Short Blades   | 1 2 |  2.0
Axes           | 1 |  1.0
Conjurations   | 2 4 |  4.5
Fighting       | |  0.6
Dodging        | |  2.5
Spellcasting   | |  2.3
Fire Magic     | |  3.6

Action                   |  1- 3 |  4- 6 || total
-------------------------+-------+-------++-------
Melee: Hand axe          |     5 |       ||     5
       Dagger            |    37 |    33 ||    70
       Constrict         |    10 |     7 ||    17
       Tentacles         |     4 |     6 ||    10
 Cast: Flame Tongue      |    11 |    32 ||    43
  Use: Potion            |       |     4 ||     4
 Stab: Sleeping          |     8 |     6 ||    14
  Eat: Chunk             |     1 |     2 ||     3
       Ration            |       |     1 ||     1
Armor: Skin              |     5 |     2 ||     7
Dodge: Dodged            |    27 |    18 ||    45

Table legend:
 A = Spawn XP
 B = Non-spawn XP
 C = Spawn XP percentage of total XP
 D = Spawn monster count
 E = Non-spawn monster count
 F = Spawn count percentage of total count
 G = Total turns spent on level
                    A         B        C        D         E        F      G
               +---------+---------+-------+---------+---------+-------+---------
         Total |       0 |     562 |   0.0 |       0 |      56 |   0.0 |  3176
               +---------+---------+-------+---------+---------+-------+---------
           D:1 |       0 |      25 |   0.0 |       0 |      15 |   0.0 |   647
           D:2 |       0 |      62 |   0.0 |       0 |      14 |   0.0 |   795
           D:3 |       0 |     147 |   0.0 |       0 |      14 |   0.0 |  1356
           D:4 |       0 |     328 |   0.0 |       0 |      13 |   0.0 |   378
               +---------+---------+-------+---------+---------+-------+---------
